 Dungeon Crawl Stone Soup version 0.28-a0-401-ge240ad9e29 (webtiles) character file.

Game seed: 4487222951904345438

747 Demosthentine the Poker (level 7, -2/56 HPs)
             Began as a Merfolk Gladiator on Sept 5, 2021.
             Was an Initiate of the Shining One.
             Splashed by a jelly's acid (7 damage)
             ... on level 5 of the Dungeon.
             The game lasted 00:05:18 (5476 turns).

Demosthentine the Poker (Merfolk Gladiator)         Turns: 5476, Time: 00:05:19

Health: -2/56      AC: -2    Str: 16    XL:     7   Next: 77%
Magic:  7/7        EV: 14    Int:  8    God:    the Shining One [......]
Gold:   254        SH:  0    Dex: 15    Spells: 6/6 levels left

rFire   . . .      SeeInvis .   a - +0 trident
rCold   . . .      Faith    .   (no shield)
rNeg    + . .      Spirit   .   b - +0 leather armour
rPois   .          Reflect  .   c - +0 helmet
rElec   .          Harm     .   i - scarf {repulsion}
rCorr   .          Rampage  .   f - +0 pair of gloves
Will    .....                   (no boots)
Stlth   +.........              (no amulet)
HPRegen 0.18/turn               g - ring of positive energy
MPRegen 0.10/turn               (no ring)

@: corroded, glowing, repel missiles
A: (nimble swimmer 2), mertail
a: Renounce Religion


You were on level 5 of the Dungeon.
You worshipped the Shining One.
The Shining One was noncommittal.
You visited 2 branches of the dungeon, and saw 6 of its levels.

You collected 254 gold pieces.

Inventory:

Hand Weapons
 a - a +0 trident (weapon)
Missiles
 d - 3 throwing nets (quivered)
Armour
 b - a +0 leather armour (worn)
 c - a +0 helmet (worn)
 f - a +0 pair of gloves (worn)
 i - a scarf of repulsion (worn)
 l - a +0 cloak
Jewellery
 g - a ring of positive energy (left hand)
Wands
 k - a wand of iceblast (8)
Scrolls
 h - 2 scrolls of teleportation
 n - a scroll of blinking
Potions
 j - a potion of flight


   Skills:
 + Level 5.0 Fighting
 + Level 7.5 Polearms
 - Level 2.0 Throwing
 + Level 2.9 Armour
 + Level 6.7 Dodging


You had 6 spell levels left.
You didn't know any spells.
Your spell library contained the following spells:

 Spells                   Type           Power      Damage    Failure   Level
 Magic Dart               Conj           0%         1d3       45%         1
 Call Imp                 Summ           0%         N/A       61%         2
 Ensorcelled Hibernation  Hex/Ice        0%         N/A       61%         2
 Mephitic Cloud           Conj/Pois/Air  0%         N/A       83%         3
 Spider Form              Tmut/Pois      0%         N/A       83%         3


Dungeon Overview and Level Annotations

Branches:
Dungeon (5/15)             Temple (1/1) D:4

Altars:
Ashenzari
Cheibriados
Dithmenos
Elyvilon
Fedhas
Gozag
Hepliaklqana
Kikubaaqudgha
Makhleb
Nemelex Xobeh
Okawaru
Qazlal
Ru
Sif Muna
Trog
Uskayaw
Vehumet
Wu Jian
Xom
Yredelemnul
Zin
The Shining One


Innate Abilities, Weirdness & Mutations

((You are quick and stealthy near water. (Stealth+, EV+, Speed+++)))
Your lower body shifts to a powerful aquatic tail in water.


Message History

The sky beast closely misses you.
You puncture the sky beast!
You kill the sky beast!
You feel your intelligence returning.
Your Fighting skill increases to level 5!
Unknown command.
There is a stone staircase leading up here.
Your legs become a tail as you enter the water.
You hear the slow hiss of a distant avalanche of sand.
A jelly comes into view.
Found 15 gold pieces.
The jelly quivers.
A sky beast comes into view.
You are too injured to fight recklessly!
You are too injured to fight recklessly!
Reach: a) +0 trident
Press: ? - help, Dir - move target, f - jelly
Aim: a jelly (about 10% to evade your +0 trident)
You reach to attack!
You hit the jelly but do no damage.
Reach: a) +0 trident
Press: ? - help, Dir - move target, f/p - jelly
Aim: a jelly (about 10% to evade your +0 trident)
You reach to attack!
You puncture the jelly!
The jelly is heavily wounded.
Unknown command.
You hit the jelly.
Your hands burn!
The jelly is severely wounded.
The jelly hits you. The acid corrodes you!
You are splashed with acid!
* * * LOW HITPOINT WARNING * * *
You hit the jelly.
Your hands burn!
* * * LOW HITPOINT WARNING * * *
The jelly is severely wounded.
The jelly hits you but does no damage.
You hit the jelly but do no damage.
Your hands burn!
* * * LOW HITPOINT WARNING * * *
The jelly is severely wounded.
The jelly hits you.
* * * LOW HITPOINT WARNING * * *
The acid corrodes you!
You are splashed with acid!
You die...

#...#...............#.#
#.........#.........##
##.##....#...........#
#####...##............
#######...........
##....##....
##......... ##...#.....
#...@# #.. #...J.#
#...#..# ###...Y#
##.... ..... ..#..$
.#...#


You could see a sky beast and a jelly.

Vanquished Creatures
  A sky beast (D:5)
  2 kobold brigands (D:3)
  A hound (D:4)
  2 orc priests (D:3)
  A centaur skeleton (D:4)
  An iguana (D:4)
  3 orc wizards
  Natasha (twice) (D:3)
  7 gnolls (D:3)
  A howler monkey skeleton (D:4)
  4 adders
  A white imp (D:3)
  An adder skeleton (D:4)
  2 worms (D:2)
  2 dart slugs
  6 orcs
  9 ball pythons
  8 endoplasms
  4 giant cockroaches (D:3)
  8 goblins
  8 hobgoblins
  11 jackals (D:4)
  50 kobolds
  4 quokkas
  2 bats
  3 frilled lizards
  6 rats
150 creatures vanquished.

Vanquished Creatures (others)
  8 plants (D:4)
8 creatures vanquished.

Grand Total: 158 creatures vanquished

Notes
Turn   | Place    | Note
-------+----------+-------------------------------------------
     0 | D:1      | Demosthentine the Merfolk Gladiator began the quest for the
                  | Orb.
     0 | D:1      | Reached XP level 1. HP: 16/16 MP: 1/1
   240 | D:1      | Reached XP level 2. HP: 23/23 MP: 2/2
   816 | D:2      | Reached XP level 3. HP: 28/28 MP: 3/3
  1043 | D:2      | Reached skill level 5 in Polearms
  1326 | D:2      | Reached skill level 1 in Armour
  1332 | D:2      | Found a faded altar of an unknown god.
  1801 | D:3      | Reached XP level 4. HP: 34/34 MP: 4/4
  1928 | D:3      | Reached skill level 5 in Dodging
  1928 | D:3      | Reached XP level 5. HP: 5/41 MP: 5/5
  2907 | D:3      | Reached skill level 6 in Polearms
  2988 | D:3      | Reached XP level 6. HP: 39/48 MP: 6/6
  3495 | D:3      | Noticed Natasha
  3499 | D:3      | Killed Natasha
  4240 | D:3      | Noticed Natasha
  4249 | D:3      | Reached XP level 7. HP: 41/55 MP: 7/7
  4253 | D:3      | Killed Natasha
  4399 | D:4      | Reached skill level 7 in Polearms
  4532 | D:4      | Found a staircase to the Ecumenical Temple.
  4600 | Temple   | Entered the Ecumenical Temple
  4967 | Temple   | Became a worshipper of the Shining One
  5157 | D:4      | Found a hazy altar of Hepliaklqana.
  5398 | D:5      | Entered Level 5 of the Dungeon
  5432 | D:5      | Reached skill level 5 in Fighting
  5476 | D:5      | Splashed by a jelly's acid

Illustrated notes

Levels and vault maps discovered:
D:1:      dpeg_arrival_houses_and_road, layout_loops_ring
D:2:      layout_loops_ring, shapermc_ecumenical_altar_flowoftime
D:3:      minmay_goblin_kobold_castle, layout_basic, minmay_pentangle,
          uniq_natasha
D:4:      layout_basic, nicolae_hepliaklqana_hazy_memory, temple_fountains
D:5:      layout_cave_pools, enter_ossuary_2, minmay_crystal_room,
          roderic_batcave, nicolae_wooded_promenade, kennysheep_diamond,
          chequers_serial_rivers_micro_d, nicolae_shop_firing_range
Temple:   minmay_crystal_snake_temple

Skill      XL: |  1  2  3  4  5  6  7 |
---------------+----------------------+-----
Polearms       | 5 6 7 |  7.5
Armour         | 1 2 |  2.9
Fighting       | 3 4 5 |  5.0
Dodging        | 5 6 |  6.7
Throwing       | |  2.0

Action                   |  1- 3 |  4- 6 |  7- 9 || total
-------------------------+-------+-------+-------++-------
Melee: Trident           |   129 |   263 |   161 ||   553
       Tailslap          |       |     5 |       ||     5
  Use: Scroll            |     3 |       |     2 ||     5
       Potion            |       |     5 |     1 ||     6
 Stab: Sleeping          |     2 |     2 |       ||     4
       Distracted        |     1 |       |       ||     1
Armor: Leather armour    |    18 |    44 |    39 ||   101
Dodge: Dodged            |    67 |   155 |    96 ||   318
       Repelled          |     1 |     1 |       ||     2

Table legend: (Time is in decaauts)
 A = Elapsed time spent in this place.
 B = Non-inter-level travel time spent in this place.
 C = Inter-level travel time spent in this place.
 D = Time resting spent in this place.
 E = Time spent auto-exploring this place.
 F = Levels seen in this place.
 G = Mean time per level.
                   A        B        C        D        E       F      G
               +--------+--------+--------+--------+--------+-----+--------+
         Total |   5363 |   5255 |    108 |      0 |   4069 |   6 |  893.8 |
       Dungeon |   4978 |   4870 |    108 |      0 |   3744 |   5 |  995.6 |
        Temple |    384 |    384 |      0 |      0 |    325 |   1 |  384.0 |
               +--------+--------+--------+--------+--------+-----+--------+

Top non-repeatable levels by time:
     D:3: 2597 daAuts
     D:2: 844 daAuts
     D:1: 807 daAuts
     D:4: 655 daAuts
  Temple: 384 daAuts
     D:5: 73 daAuts
